 Dungeon Crawl Stone Soup version 0.29-a0-542-g075992c915 (webtiles) character file.

Game seed: 6249143969426922111

17897 enile the Fighter (level 13, -11/107 (134) HPs)
             Began as a Meteoran Cinder Acolyte on June 4, 2022.
             Was a Believer of Ignis.
             Hit by a large rock thrown by a cyclops (27 damage)
             ... on level 12 of the Dungeon.
             The game lasted 00:42:27 (7166 turns).

enile the Fighter (Meteoran Cinder Acolyte)         Turns: 7166, Time: 00:42:27

HP:   -11/107 (134) AC: 17    Str: 20    XL:     13   Next: 18%
MP:   21/21         EV: 11    Int: 17    God:    Ignis [**....]
Gold: 500           SH:  0    Dex: 14    Spells: 12/22 levels left

rFire   + + +      SeeInvis .   a - +7 war axe of Harmony {spect, rF+ Dex+2}
rCold   x . .      Faith    .   (no shield)
rNeg    . . .      Spirit   .   F - +1 chain mail of Lies {rElec rC- Slay+2}
rPois   .          Reflect  .   (helmet restricted)
rElec   +          Harm     .   M - +2 cloak
rCorr   .          Rampage  .   (no gloves)
Will    +....                   (no boots)
Stlth   ..........              (no amulet)
HPRegen 0.27/turn               r - ring of wizardry
MPRegen 0.17/turn               z - ring of protection from fire

@: about to teleport, glowing, studying Armour, heavily drained
A: sense surroundings 2, otherworldly, glowing, explore regen, horns 1, thin
skeletal structure 1, robust 1
a: Renounce Religion, Fiery Armour, Foxfire Swarm, Rising Flame


You were on level 12 of the Dungeon.
You worshipped Ignis.
Ignis was pleased with you.
You visited 1 branch of the dungeon, and saw 12 of its levels.
You also visited: Bailey.

You collected 500 gold pieces.

Inventory:

Hand Weapons
 a - the +7 war axe of Harmony (weapon) {spect, rF+ Dex+2}
   (You found it on level 9 of the Dungeon)

   When its wielder attacks, the weapon's spirit leaps out and strikes again.
   The spirit shares a part of any damage it takes with its wielder.
   Dex:       It affects your dexterity (+2).
   rF:        It protects you from fire.
 b - a +1 arbalest of flaming
 d - a +2 hunting sling of freezing
 v - a -1 mace of flaming
 B - a +0 arbalest
 D - a +1 vampiric great sword
 O - a +0 dire flail
 S - a +3 mace of protection
Missiles
 K - 2 javelins (quivered)
 R - 2 curare-tipped darts
Armour
 e - a +2 robe of positive energy
 g - +0 ice dragon scales
 i - a +0 kite shield
 j - a +3 leather armour of willpower
 o - a +0 ring mail of fire resistance
 C - a +0 plate armour
 E - a +0 robe
 F - the +1 chain mail of Lies (worn) {rElec rC- Slay+2}
   (You found it on level 9 of the Dungeon)

   Slay:      It affects your accuracy & damage with ranged weapons and melee
   (+2).
   rC:        It makes you vulnerable to cold.
   rElec:     It insulates you from electricity.
 L - a +1 chain mail of poison resistance
 M - a +2 cloak (worn)
Jewellery
 h - a ring of fire
 r - a ring of wizardry (left hand)
 x - a +6 ring of dexterity
 y - a +4 ring of evasion
 z - a ring of protection from fire (right hand)
 N - a ring of protection from fire
 Q - a ring of protection from fire
 V - the amulet of Elemental Vulnerability {rPois rF-- rC-- AC+8}
   (You found it on level 10 of the Dungeon)

   [amulet of nothing]

   AC:        It affects your AC (+8).
   rF:        It makes you very vulnerable to fire.
   rC:        It makes you very vulnerable to cold.
   rPois:     It protects you from poison.
Wands
 q - a wand of paralysis (18)
 I - a wand of flame (24)
 P - a wand of acid (2)
Scrolls
 l - 3 scrolls of poison
 m - a scroll of amnesia
 n - 2 scrolls of teleportation
 s - a scroll of identify
 u - a scroll of vulnerability
 A - a scroll of noise
 J - 2 scrolls of enchant armour
 U - a scroll of fog
Potions
 c - a potion of heal wounds
 f - 2 potions of resistance {unknown}
 k - 3 potions of flight
 p - 4 potions of curing
 t - a potion of magic {unknown}
 w - 2 potions of might
 G - 3 potions of invisibility
 T - a potion of haste {unknown}
 W - a potion of ambrosia {unknown}


   Skills:
 - Level 13.0 Fighting
 - Level 3.8(7.0) Axes
 - Level 10.0(10.3) Maces & Flails
 - Level 5.0 Crossbows
 - Level 2.0 Throwing
 - Level 13.0 Armour
 - Level 7.0 Dodging
 - Level 2.0 Stealth
 - Level 5.0 Spellcasting
 - Level 2.0 Hexes
 - Level 9.0 Fire Magic
 + Level 5.7 Evocations


You had 12 spell levels left.
You knew the following spells:

 Your Spells              Type           Power      Damage    Failure   Level
a - Scorch                Fire           68%        2d8       1%          2
b - Inner Flame           Hex/Fire       22%        N/A       11%         3
c - Flame Wave            Conj/Fire      19%        2d6       45%         4
d - Foxfire               Conj/Fire      76%        2x1d7     5%          1

Your spell library contained the following spells:

 Spells                   Type           Power      Damage    Failure   Level
 Slow                     Hex            44%        N/A       16%         1
 Conjure Flame            Conj/Fire      19%        6-21      16%         3
 Apportation              Tloc           8%         N/A       32%         1
 Necrotize                Necr           16%        1d4       32%         1
 Summon Small Mammal      Summ           16%        N/A       32%         1
 Confusing Touch          Hex            11%        N/A       38%         3
 Vampiric Draining        Necr           4%         2d6       65%         3
 Cause Fear               Hex            5%         N/A       78%         4
 Conjure Ball Lightning   Conj/Air       2%         3x3d6     100%        6
 Dragon Form              Tmut           2%         N/A       100%        7
 Borgnjor's Revivificati  Necr           2%         N/A       100%        8
 Discord                  Hex            5%         N/A       100%        8
 Disjunction              Tloc           2%         N/A       100%        8
 Necromutation            Tmut/Necr      2%         N/A       100%        8
 Death's Door             Necr           2%         N/A       100%        9
 Dragon's Call            Summ           2%         N/A       100%        9


Dungeon Overview and Level Annotations

Branches:
Dungeon (12/15)            Temple (0/1) D:7          Bailey (visited)
   Lair: D:8-11         Orc: D:9-12

Altars:
Cheibriados
Hepliaklqana
Kikubaaqudgha
Wu Jian


Innate Abilities, Weirdness & Mutations

You passively map the area around you.
You are easily found by Zot.
You glow in the dark.
You regain HP and MP as you explore.
You have a pair of small horns on your head.
You have a somewhat thin skeletal structure. (Dex +2, Stealth+)
You are robust. (+10% HP)


Message History

You kill the slime creature!
Your +7 war axe of Harmony {spect, rF+ Dex+2} hits the troll!
You kill the troll!
The troll leather armour is intact enough to wear.
Aiming: Throw Flame
Press: ? - help, Shift-Dir - straight line, f - slime creature
Aim: a slime creature (94% to hit)
The puff of flame hits the slime creature.
The slime creature is lightly wounded.
Aiming: Throw Flame
Press: ? - help, Shift-Dir - straight line, f/p - slime creature
Aim: a slime creature (lightly wounded, 94% to hit)
The puff of flame hits the slime creature!
The slime creature is lightly wounded.
You slash the slime creature! You punch the slime creature.
The slime creature is heavily wounded.
You slash the large slime creature!
Your +7 war axe of Harmony {spect, rF+ Dex+2} hits the large slime creature!!
Your +7 war axe of Harmony {spect, rF+ Dex+2} barely misses the slime creature.
The large slime creature hits you!! The slime creature hits you.
The slime creature hits you but does no damage.
The large slime creature hits you!!
* * * LOW HITPOINT WARNING * * *
The large slime creature attacks as you move away!
The large slime creature hits you.
* * * LOW HITPOINT WARNING * * *
Two slime creatures merge to form a very large slime creature.
Okay, then.
Blink to where?
Press: ? - help, Dir - move target
As you read the scroll of blinking, it crumbles to dust.
You see here a troll corpse.
A cyclops comes into view.
The cyclops shouts!
As you read the scroll of teleportation, it crumbles to dust.
You feel strangely unstable.
The cyclops throws a large rock.
The large rock hits you!!
* * * LOW HITPOINT WARNING * * *
The cyclops throws a large rock.
The large rock hits you!!
You die...

* #....**
≈≈≈≈≈*#..#......#
≈≈# ,....
,*##≈≈≈###..###.####
#≈# * , ...
**#######..# #.#
#### ,, .. * ,
,..###.###†# #.# . ,
,#.#####...#####.# ,
,#.##≈##...†.....# ,
**#
#.#≈≈≈#.#.####### *
,, **##.#.##≈##.#.#
*≈≈≈# * , ,*
*#..)@#####.#.# *
#### * * *
#..#..........# * *
#....##########
*#.#.# ** ...C.,
####.. , #. , , ## *
,


You could see a cyclops.

Vanquished Creatures
  4 centaur warriors
  A two-headed ogre (D:9)
  Erica (D:8)
  A tengu warrior (D:9)
  A deep elf pyromancer (D:9)
  Pikel (D:4)
  An orc knight (Bailey)
  2 cyclopes (D:9)
  A manticore (D:9)
  A gargoyle (D:11)
  An unseen horror (D:11)
  3 trolls
  3 hornets
  2 slime creatures (D:12)
  18 yaks
  A basilisk (D:7)
  A wyvern (D:7)
  A steam dragon (D:7)
  10 vampire mosquitoes
  A redback (D:9)
  A water moccasin (D:9)
  3 acid dragons
  16 orc warriors
  A sky beast (D:8)
  A black bear (D:7)
  3 phantoms
  2 lemures (D:4)
  A centaur (D:9)
  4 kobold brigands
  A gnoll sergeant (D:9)
  4 bullfrogs
  A necrophage (D:7)
  2 scorpions
  7 wights
  2 killer bees (D:9)
  6 howler monkeys
  7 orc priests
  7 hounds
  An iguana (D:6)
  11 orc wizards
  5 gnolls (D:10)
  3 adders
  3 shadow imps
  2 white imps (D:7)
  An ufetubus (D:4)
  A worm (D:2)
  6 dart slugs
  34 orcs
  5 ball pythons
  8 endoplasms
  3 giant cockroaches
  9 goblins
  4 hobgoblins (D:1)
  4 jackals (D:1)
  6 quokkas
  6 bats
  4 frilled lizards
  21 kobolds
  5 rats
266 creatures vanquished.

Vanquished Creatures (collateral kills)
  A centaur (D:9)
1 creature vanquished.

Vanquished Creatures (others)
  3 orc warriors
  45 foxfires
48 creatures vanquished.

Grand Total: 315 creatures vanquished

Notes
Turn   | Place    | Note
-------+----------+-------------------------------------------
     0 | D:1      | enile the Meteoran Cinder Acolyte began the quest for the
                  | Orb.
     0 | D:1      | Reached XP level 1. HP: 19/19 MP: 3/3
    69 | D:1      | Found a faded altar of an unknown god.
   199 | D:1      | Reached XP level 2. HP: 26/26 MP: 5/5
   396 | D:1      | Reached XP level 3. HP: 13/31 MP: 7/7
   420 | D:1      | Learned a level 2 spell: Scorch
   490 | D:1      | Glimpsed the power of Zot.
   539 | D:1      | Glimpsed the power of Zot.
   586 | D:2      | Reached skill level 1 in Dodging
   586 | D:2      | Reached XP level 4. HP: 40/40 MP: 2/8
  1086 | D:2      | Glimpsed the power of Zot.
  1144 | D:3      | Noticed a phantom
  1149 | D:3      | Learned a level 3 spell: Inner Flame
  1154 | D:3      | Killed a phantom
  1155 | D:3      | Reached skill level 5 in Fire Magic
  1155 | D:3      | Reached XP level 5. HP: 45/46 MP: 2/9
  1208 | D:3      | Found an ancient bone altar of Kikubaaqudgha.
  1296 | D:3      | Reached XP level 6. HP: 52/52 MP: 7/10
  1420 | D:3      | Found a snail-covered altar of Cheibriados.
  1617 | D:4      | Reached skill level 1 in Evocations
  1808 | D:4      | Reached XP level 7. HP: 59/59 MP: 2/11
  1970 | D:4      | Noticed Pikel
  1991 | D:4      | Killed Pikel
  1992 | D:4      | Reached XP level 8. HP: 34/66 MP: 12/12
  2088 | D:4      | Found a hazy altar of Hepliaklqana.
  2119 | D:4      | Found an ornate altar of the Wu Jian Council.
  2193 | D:5      | Entered Level 5 of the Dungeon
  2382 | D:5      | Reached skill level 5 in Fighting
  3152 | D:6      | Reached skill level 5 in Maces & Flails
  3244 | D:7      | Noticed a steam dragon
  3252 | D:7      | Killed a steam dragon
  3253 | D:7      | Gained mutation: You passively map the area around you.
                  | [Meteoran growth]
  3253 | D:7      | Reached XP level 9. HP: 68/75 MP: 13/13
  3432 | D:7      | Reached skill level 1 in Stealth
  3439 | D:7      | Reached skill level 1 in Throwing
  3468 | D:7      | Reached XP level 10. HP: 67/91 MP: 0/16
  3562 | D:7      | Found a staircase to the Ecumenical Temple.
  3841 | D:7      | Reached skill level 5 in Spellcasting
  4014 | D:8      | Reached skill level 5 in Dodging
  4323 | D:8      | Noticed Erica
  4411 | D:9      | Learned a level 4 spell: Flame Wave
  4595 | D:8      | Killed Erica
  4596 | D:8      | Reached XP level 11. HP: 81/97 MP: 19/19
  4713 | D:9      | Noticed a two-headed ogre
  4736 | D:9      | Killed a two-headed ogre
  4737 | D:9      | Reached skill level 10 in Fighting
  4762 | D:9      | Noticed a deep elf pyromancer
  4762 | D:9      | Noticed a centaur warrior
  4763 | D:9      | Noticed a centaur warrior
  4771 | D:9      | Paralysed by a hornet for 3 turns
  4773 | D:9      | Killed a centaur warrior
  4773 | D:9      | Killed a deep elf pyromancer
  4773 | D:9      | Killed a centaur warrior
  4774 | D:9      | Reached skill level 10 in Maces & Flails
  4792 | D:9      | Identified the +1 chain mail of Lies {rElec rC- Slay+2}
  5076 | D:9      | Identified the +7 war axe of Harmony {spect, rF+ Dex+2}
  5151 | D:9      | Noticed a tengu warrior
  5153 | D:9      | Gained mutation: Armour fits poorly on your strangely
                  | shaped body. [potion of mutation]
  5158 | D:9      | Reached XP level 12. HP: 78/112 MP: 2/20
  5160 | D:9      | Killed a tengu warrior
  5219 | D:9      | Lost mutation: Armour fits poorly on your strangely shaped
                  | body. [potion of mutation]
  5219 | D:9      | Gained mutation: You have a somewhat thin skeletal
                  | structure. (Dex +2, Stealth+) [potion of mutation]
  5219 | D:9      | Gained mutation: You are robust. (+10% HP) [potion of
                  | mutation]
  5219 | D:9      | Gained mutation: You have a pair of small horns on your
                  | head. [potion of mutation]
  5230 | D:9      | Glimpsed the power of Zot.
  5280 | D:9      | Glimpsed the power of Zot.
  5284 | D:10     | Entered Level 10 of the Dungeon
  5316 | D:10     | Found a flagged portal.
  5325 | Bailey   | Entered a bailey
  5336 | Bailey   | Learned a level 1 spell: Foxfire
  5455 | Bailey   | Reached skill level 10 in Armour
  5565 | Bailey   | Reached skill level 1 in Crossbows
  5580 | Bailey   | Noticed an orc knight
  5587 | Bailey   | Killed an orc knight
  5800 | Bailey   | Glimpsed the power of Zot.
  5842 | D:10     | Noticed a centaur warrior
  5849 | D:10     | Killed a centaur warrior
  5936 | D:10     | Reached skill level 5 in Crossbows
  5938 | D:10     | Reached skill level 1 in Axes
  6229 | D:10     | Found the amulet of Elemental Vulnerability {rPois rF--
                  | rC-- AC+8}
  6293 | D:10     | Glimpsed the power of Zot.
  6343 | D:10     | Glimpsed the power of Zot.
  6716 | D:11     | Noticed a death yak
  6717 | D:11     | Noticed a death yak
  6857 | D:9      | Reached XP level 13. HP: 129/134 MP: 21/21
  6887 | D:9      | Glimpsed the power of Zot.
  6925 | D:9      | Noticed a centaur warrior
  6937 | D:9      | Glimpsed the power of Zot.
  6938 | D:9      | Killed a centaur warrior
  6976 | D:10     | Glimpsed the power of Zot.
  6984 | D:11     | Glimpsed the power of Zot.
  6985 | D:11     | Touched by the power of Zot.
  7003 | D:11     | Noticed a death yak
  7003 | D:11     | Noticed a death yak
  7003 | D:11     | Noticed a death yak
  7136 | D:12     | Reached skill level 5 in Evocations
  7166 | D:12     | Hit by a large rock thrown by a cyclops

Illustrated notes

Levels and vault maps discovered:
D:1:      heliophobic_arrival_battle_scene, layout_basic,
          basic_ecumenical_altar, minmay_bisected
D:2:      layout_rooms, minmay_tetromino_i2
D:3:      layout_basic, mainiacjoe_overflow_small_starburst,
          kiku_gazebo_pond_becter
D:4:      layout_basic, mainiacjoe_overflow_two_lobes, uniq_pikel, uniq_menkaure
D:5:      layout_basic, minivault_14
D:6:      layout_basic
D:7:      layout_loops_ring, minmay_temple_entry_mini_moons, minmay_manual_mess
D:8:      layout_basic, guppyfry_early_elven_hall, uniq_erica
D:9:      layout_gridville, st_stairs_11, nicolae_rejected_hall
D:10:     layout_roguey, lightli_bailey_entry_fortress
D:11:     lemuel_bear_cage, layout_loops_corners, dpeg_lair_monsters,
          nicolae_uskayaw_en_pointe
D:12:     layout_loops_ring, erik_orc_1, serial_aquarium,
          aquarium_bridge_straight [aquarium_subvault_bridge,
          aquarium_subvault_wall, aquarium_subvault_bridge,
          aquarium_subvault_window], aquarium_bridge_long_joined
          [aquarium_subvault_wall, aquarium_subvault_window,
          aquarium_subvault_window, aquarium_subvault_wall,
          aquarium_subvault_bridge, aquarium_subvault_balcony],
          aquarium_window_corridor_3, aquarium_window_fake,
          aquarium_window_fake, aquarium_window_1, aquarium_view_2c,
          aquarium_view_2e, serial_shops, nicolae_shop_stone, lightli_airlock

Skill      XL: |  1  2  3  4  5  6  7  8  9 10 11 12 13 |
---------------+----------------------------------------+-----
Spellcasting   | 2 3 5 |  5.0
Fire Magic     | 4 5 6 8 9 |  9.0
Fighting       | 4 6 9 11 13 | 13.0
Dodging        | 1 2 4 7 |  7.0
Evocations     | 4 5 |  5.7
Armour         | 2 6 8 11 13 | 13.0
Maces & Flails | 6 8 10 | 10.0
Stealth        | 2 |  2.0
Throwing       | 2 |  2.0
Hexes          | 2 |  2.0
Crossbows      | 5 |  5.0
Axes           | 3 |  3.8

Action                   |  1- 3 |  4- 6 |  7- 9 | 10-12 | 13-15 || total
-------------------------+-------+-------+-------+-------+-------++-------
Melee: Mace              |    59 |    63 |   125 |    93 |       ||   340
       Punch             |       |     2 |     2 |     1 |     1 ||     6
       War axe           |       |       |       |    77 |    25 ||   102
       Headbutt          |       |       |       |    10 |     3 ||    13
 Fire: Hunting sling     |       |    13 |       |       |       ||    13
       Arbalest          |       |       |       |    55 |       ||    55
Throw: Dart              |       |       |     3 |    13 |       ||    16
       Throwing net      |       |       |     1 |     2 |       ||     3
       Javelin           |       |       |       |     8 |     2 ||    10
 Cast: Scorch            |     5 |    22 |    34 |    35 |       ||    96
       Inner Flame       |       |     1 |    10 |    36 |       ||    47
       Foxfire           |       |       |       |     1 |       ||     1
Invok: Fiery Armour      |     1 |       |     2 |     1 |       ||     4
       Foxfire Swarm     |       |       |       |     2 |     1 ||     3
Evoke: Wand              |       |       |       |     7 |     2 ||     9
  Use: Scroll            |     1 |     4 |     5 |     6 |     2 ||    18
       Potion            |       |       |       |     8 |       ||     8
 Stab: Distracted        |       |       |       |     1 |       ||     1
Armor: Robe              |    55 |    27 |       |       |       ||    82
       Leather armour    |       |    10 |    97 |   121 |       ||   228
       Chain mail        |       |       |       |    40 |    26 ||    66
Dodge: Dodged            |    63 |    56 |   108 |   168 |    19 ||   414

Table legend: (Time is in decaauts)
 A = Elapsed time spent in this place.
 B = Non-inter-level travel time spent in this place.
 C = Inter-level travel time spent in this place.
 D = Time resting spent in this place.
 E = Time spent auto-exploring this place.
 F = Levels seen in this place.
 G = Mean time per level.
                   A        B        C        D        E       F      G
               +--------+--------+--------+--------+--------+-----+--------+
         Total |   7286 |   6607 |    679 |     64 |   2255 |  13 |  560.5 |
       Dungeon |   6782 |   6103 |    679 |     64 |   2123 |  12 |  565.2 |
        Bailey |    504 |    504 |      0 |      0 |    132 |   1 |  504.0 |
               +--------+--------+--------+--------+--------+-----+--------+

Top non-repeatable levels by time:
     D:9: 952 daAuts
     D:7: 688 daAuts
    D:10: 663 daAuts
     D:8: 643 daAuts
     D:4: 610 daAuts
     D:1: 564 daAuts
     D:6: 537 daAuts
     D:2: 537 daAuts
     D:3: 518 daAuts
  Bailey: 504 daAuts
    D:11: 478 daAuts
     D:5: 478 daAuts
    D:12: 109 daAuts
